[Event "ICC tourney 2666 (40 10)"]
[Site "Internet Chess Club"]
[Date "2021.09.11"]
[Round "5"]
[White "Kale, Shubham:shubham07"]
[Black "KOGAN, NIKITA:K09-17190210"]
[Result "1-0"]
[ICCResult "Black checkmated"]
[WhiteElo "1196"]
[BlackElo "1173"]
[Opening "English opening"]
[ECO "A10"]
[NIC "EO.64"]
[Time "20:01:02"]
[TimeControl "2400+10"]

1. c4 d5 2. cxd5 Qxd5 3. Nc3 Qd6 4. Nf3 Nf6 5. e4 e5 6. Bc4 h6 7. d4 exd4 8.
Qxd4 Qxd4 9. Nxd4 Bc5 10. Nf3 Bg4 11. e5 Nfd7 12. O-O Bxf3 13. gxf3 Nc6 14.
Re1 Na5 15. Bxf7+ Kxf7 16. e6+ Ke7 17. exd7+ Kxd7 18. Bf4 Rhf8 19. Rad1+ Bd6
20. Bxd6 cxd6 21. Kg2 Rf6 22. Ne4 Rg6+ 23. Kh1 Rf8 24. Re3 Nc4 25. Rb3 b6
26. Rg1 Rxg1+ 27. Kxg1 Ne5 28. Kg2 d5 29. Nd2 Ng6 30. Kg3 h5 31. Rb4 h4+ 32.
Kg4 Ne5+ 33. Kxh4 Nxf3+ 34. Nxf3 Rxf3 35. Rg4 Rxf2 36. Rxg7+ Kc6 37. h3 a5
38. Rg6+ Kc5 39. Kg5 Rxb2 40. h4 Rxa2 41. h5 Rh2 42. h6 Rg2+ 43. Kf6 Rh2 44.
Kg7 a4 45. h7 a3 46. Rh6 Rg2+ 47. Kf7 Rf2+ 48. Ke7 Re2+ 49. Kd8 a2 50. h8=Q
d4 51. Qf8+ Kc4 52. Qa3 b5 53. Re6 Rh2 54. Rc6+ Kd5 55. Qd6+ Ke4 56. Rc1
Rh8+ 57. Kc7 Rh7+ 58. Kb6 Rh3 59. Qe6+ Kd3 60. Qxh3+ Kd2 61. Ra1 d3 62.
Rxa2+ Kc3 63. Ra3+ Kb4 64. Rxd3 Ka4 65. Ra3+ Kb4 66. Qb3# {Black checkmated}
1-0

[Event "ICC tourney 2666 (40 10)"]
[Site "Internet Chess Club"]
[Date "2021.09.11"]
[Round "5"]
[White "SANGAL LOPEZ, DEV:devsl"]
[Black "KINKUS, SAM E:Grandslam34"]
[Result "1-0"]
[ICCResult "Black resigns"]
[WhiteElo "714"]
[BlackElo "884"]
[Opening "Modern defense"]
[ECO "A40"]
[NIC "QO.17"]
[Time "20:01:10"]
[TimeControl "2400+10"]

1. d4 g6 2. c4 Bg7 3. Nc3 d6 4. e3 a6 5. Nf3 c6 6. Bd3 Nf6 7. O-O Qc7 8. e4
e5 9. d5 cxd5 10. cxd5 Bg4 11. h3 Bxf3 12. Qxf3 Nbd7 13. Bg5 O-O 14. Bc2 b5
15. Bb3 Rac8 16. Rac1 Qb6 17. Be3 Qa5 18. Bd2 Qb6 19. Qe3 Qxe3 20. Bxe3 b4
21. Ne2 Nxe4 22. f3 Nef6 23. Bd2 a5 24. Ba4 Nc5 25. Bc6 e4 26. fxe4 Nfxe4
27. Bf4 Nd3 28. Rb1 Nxf4 29. Nxf4 Nd2 30. b3 Nxb1 31. Rxb1 f5 32. Ne6 Rf7
33. Ng5 Re7 34. Ne6 Bc3 35. Rf1 Kf7 36. Ng5+ Kg7 37. Ne6+ Kf7 38. Ng5+ Kf6
39. Nf3 Rb8 40. g4 fxg4 41. hxg4 Kg7 42. Ng5 Kh6 43. Nf7+ Kg7 44. Nxd6 Bd4+
45. Kg2 Rf8 46. Rxf8 Kxf8 47. Kf3 Kg7 48. Ne8+ Kh6 49. Kf4 Be5+ 50. Kf3 Kg5
51. d6 Rf7+ 52. Ke4 Rf4+ 53. Kxe5 {Black resigns} 1-0

[Event "ICC tourney 2666 (40 10)"]
[Site "Internet Chess Club"]
[Date "2021.09.11"]
[Round "5"]
[White "JEEJU, ANIRUDH SAI:anirudhsai"]
[Black "WILSON, DARRYL J:Combo4U2"]
[Result "0-1"]
[ICCResult "White resigns"]
[WhiteElo "637"]
[BlackElo "1358"]
[Opening "French defense"]
[ECO "C00"]
[NIC "FR.01"]
[Time "20:08:21"]
[TimeControl "2400+10"]

1. e4 e6 2. Nf3 Ne7 3. Bc4 d5 4. exd5 exd5 5. Bb3 c6 6. d4 Bg4 7. h3 Bh5 8.
O-O f6 9. Be3 Nf5 10. Re1 Be7 11. g4 Nxe3 12. Rxe3 Bg6 13. Nh4 O-O 14. Nxg6
hxg6 15. Qe2 Bd6 16. Re6 Qc7 17. c3 Nd7 18. Bc2 Kf7 19. Re3 Nb6 20. Qd3 f5
21. gxf5 Kg8 22. fxg6 Bh2+ 23. Kg2 Bf4 24. Rf3 Qe7 25. Na3 Qg5+ 26. Kf1 Bh2
27. Rxf8+ Rxf8 28. Ke1 Re8+ 29. Qe2 Qg1+ 30. Kd2 Rxe2+ 31. Kxe2 Qxa1
{White resigns}
0-1

[Event "ICC tourney 2666 (40 10)"]
[Site "Internet Chess Club"]
[Date "2021.09.11"]
[Round "5"]
[White "SINGH, JIYAN:mithu542"]
[Black "PRAKASAN, NEDAS:Nedas15"]
[Result "1-0"]
[ICCResult "Black checkmated"]
[WhiteElo "525"]
[BlackElo "644"]
[Opening "Giuoco Piano: Greco's attack"]
[ECO "C54"]
[NIC "IG.02"]
[Time "20:00:58"]
[TimeControl "2400+10"]

1. e4 e5 2. Nf3 Nc6 3. Bc4 Bc5 4. c3 Nf6 5. d4 exd4 6. cxd4 Bb4+ 7. Nc3 O-O
8. d5 Ne7 9. Qd3 d6 10. O-O Ng6 11. Bg5 Qd7 12. Rfe1 Ng4 13. h3 N4e5 14.
Nxe5 Nxe5 15. Qd4 Bc5 16. Bb5 c6 17. dxc6 bxc6 18. Qd5 cxd5 19. Bxd7 Bxd7
20. Nxd5 f5 21. Ne7+ Kh8 22. exf5 Bxf5 23. Nxf5 Rxf5 24. Be7 Bxf2+ 25. Kf1
Bxe1+ 26. Kxe1 Nd3+ 27. Kd2 Nxb2 28. Kc3 Na4+ 29. Kb4 Nb6 30. Bxd6 Nd5+ 31.
Kc4 Nb6+ 32. Kb4 Nd5+ 33. Kc4 Ne3+ 34. Kd4 Nc2+ 35. Ke4 Rb5 36. Rc1 Re8+ 37.
Kd3 Nb4+ 38. Kc4 Rb6 39. Bxb4 Rc6+ 40. Bc5 Re4+ 41. Kd5 Ree6 42. Rb1 h6 43.
Bxa7 Red6+ 44. Ke5 Rd7 45. Bd4 Rf7 46. Kd5 Rc2 47. Ra1 Rxg2 48. a4 Rf3 49.
a5 Rg5+ 50. Kc4 Rf8 51. a6 Ra8 52. a7 Rf5 53. Bc5 Re5 54. Kb5 g6 55. Kb6
Re6+ 56. Kb7 Rxa7+ 57. Rxa7 g5 58. Kb8 h5 59. Be7 g4 60. hxg4 hxg4 61. Bc5
g3 62. Kc8 Rc6+ 63. Rc7 Rxc5 64. Rxc5 g2 65. Rg5 Kh7 66. Rxg2 Kh6 67. Kd7
Kh5 68. Ke6 Kh4 69. Kf5 Kh3 70. Rg8 Kh4 71. Kf6 Kh3 72. Kf5 Kh4 73. Kf4 Kh5
74. Kf5 Kh4 75. Kf4 Kh5 76. Rg1 Kh6 77. Kf5 Kh7 78. Kf6 Kh8 79. Kf7 Kh7 80.
Rh1# {Black checkmated} 1-0

[Event "ICC tourney 2666 (40 10)"]
[Site "Internet Chess Club"]
[Date "2021.09.11"]
[Round "5"]
[White "WELSKI, SEAN:filmdirector"]
[Black "Vesval, Thomas:Goofymammoth"]
[Result "0-1"]
[ICCResult "White checkmated"]
[WhiteElo "1317"]
[BlackElo "1186"]
[Opening "Sicilian defense"]
[ECO "B20"]
[NIC "SI.48"]
[Time "20:01:01"]
[TimeControl "2400+10"]

1. e4 c5 2. d3 Nc6 3. Be3 e6 4. Nf3 Nf6 5. h3 d5 6. exd5 exd5 7. d4 c4 8.
Be2 Be7 9. Nc3 O-O 10. Qd2 a6 11. a4 Bb4 12. Bg5 Bf5 13. O-O Bxc3 14. bxc3
Ne4 15. Qf4 Nxg5 16. Qxf5 Ne4 17. Ng5 Qxg5 18. Qf3 Rfe8 19. Rab1 Rab8 20.
Rfe1 Re6 21. Bxc4 Rf6 22. Qe3 Qxe3 23. Rxe3 Nd2 24. Rbe1 g6 25. Bxd5 Rd8 26.
Ba2 Na5 27. Re7 Rc8 28. Rd7 Rxc3 29. Ree7 Ra3 30. Bxf7+ Kg7 31. Be8+ Kh6 32.
Rxh7+ Kg5 33. f3 Re3 34. Rd5+ Rf5 35. Rd8 Nac4 36. h4+ Kf4 37. Bxg6 Kg3 38.
Re8 Ne5 39. Rxe5 Rfxe5 40. Bd3 Re1+ 41. Bf1 Rxf1# {White checkmated} 0-1

[Event "ICC tourney 2666 (40 10)"]
[Site "Internet Chess Club"]
[Date "2021.09.11"]
[Round "5"]
[White "ANGEL, BORYS:BArkadia"]
[Black "Asbury, Aaron J:AaronAsbury"]
[Result "1/2-1/2"]
[ICCResult "Game drawn by mutual agreement"]
[WhiteElo "1295"]
[BlackElo "1430"]
[Opening "Sicilian: Najdorf, Opocensky variation"]
[ECO "B92"]
[NIC "SI.11"]
[Time "20:01:08"]
[TimeControl "2400+10"]

1. e4 c5 2. Nf3 d6 3. d4 cxd4 4. Nxd4 Nf6 5. Nc3 a6 6. Be2 e5 7. Nb3 Be7 8.
Be3 Be6 9. O-O O-O 10. f4 Qc7 11. f5 Bc4 12. Nd2 Bxe2 13. Qxe2 Nbd7 14. h3
b5 15. Nf3 b4 16. Nd5 Nxd5 17. exd5 Rfc8 18. Rac1 Nf6 19. Rfd1 Qc4 20. Qxc4
Rxc4 21. Nd2 Rc7 22. Nb3 Rac8 23. Na1 h6 {Game drawn by mutual agreement}
1/2-1/2

[Event "ICC tourney 2666 (40 10)"]
[Site "Internet Chess Club"]
[Date "2021.09.11"]
[Round "5"]
[White "ZHOU, ALEXANDER ZHENG:Lailaiking"]
[Black "HAO, RYAN:Ryan334"]
[Result "1-0"]
[ICCResult "Black checkmated"]
[WhiteElo "905"]
[BlackElo "668"]
[Opening "Giuoco Pianissimo: Italian four knights variation"]
[ECO "C50"]
[NIC "IG.02"]
[Time "20:01:51"]
[TimeControl "2400+10"]

1. e4 e5 2. Nf3 Nc6 3. Bc4 Bc5 4. d3 Nf6 5. Nc3 d6 6. a3 h6 7. Na4 O-O 8.
Nxc5 dxc5 9. c3 Be6 10. Bb3 Na5 11. Bxe6 fxe6 12. Be3 Qd6 13. Qd2 Nb3 14.
Qd1 Nxa1 15. Qxa1 Ng4 16. Qd1 Rad8 17. h3 Nxe3 18. fxe3 c4 19. d4 exd4 20.
exd4 c5 21. e5 Qd5 22. Rg1 cxd4 23. Qxd4 Qxd4 24. Nxd4 Rd5 25. Nf3 Rb5 26.
Nd4 Rxe5+ 27. Kd1 Rd8 28. Kc1 Rd6 29. Nf3 Rb5 30. Nd4 Rbb6 31. Re1 Kf7 32.
Rf1+ Ke7 33. Nf3 Rd5 34. Nd2 Rc6 35. Rf4 b5 36. Nf3 Rc8 37. Re4 Re8 38. Nd4
Kd7 39. Kd2 Rg5 40. g4 Rd5 41. Kc2 h5 42. Kc1 hxg4 43. hxg4 Rg5 44. Kd2 Rd5
45. Ke3 Rg5 46. Kf3 Rg6 47. Nxb5 a6 48. Nd4 Rh6 49. Kg3 Kd6 50. Nf5+ exf5
51. Rxe8 fxg4 52. Rb8 Rg6 53. Rb6+ Ke7 54. Rxg6 Kf7 55. Rxg4 g6 56. Rxc4 Ke6
57. Rd4 Ke5 58. Rd1 Ke6 59. c4 Ke5 60. c5 Ke4 61. c6 Ke3 62. c7 Ke2 63. Rd8
Ke3 64. c8=Q Ke4 65. Qc4+ Ke5 66. Rd5+ Ke6 67. Qc6+ Ke7 68. Rd7+ Kf8 69.
Qc8# {Black checkmated} 1-0

[Event "ICC tourney 2666 (40 10)"]
[Site "Internet Chess Club"]
[Date "2021.09.11"]
[Round "5"]
[White "Goldblatt, Steven:SGOLD9367"]
[Black "XU, JOEY:JoeyXu"]
[Result "1-0"]
[ICCResult "Black checkmated"]
[WhiteElo "1363"]
[BlackElo "1300"]
[Opening "Czech Benoni defense"]
[ECO "A56"]
[NIC "BI.38"]
[Time "20:01:00"]
[TimeControl "2400+10"]

1. d4 Nf6 2. c4 c5 3. d5 e5 4. dxe6 fxe6 5. Bg5 Be7 6. e3 Nc6 7. Bd3 d5 8.
Bxf6 Bxf6 9. Qh5+ Ke7 10. Qe2 Nb4 11. Nc3 Re8 12. a3 Nxd3+ 13. Qxd3 dxc4 14.
Qxc4 Qb6 15. Rb1 Bd7 16. Nge2 Kf7 17. O-O Kg8 18. Ne4 Be7 19. N2c3 Kh8 20.
Rfd1 Rad8 21. Rd2 Bf8 22. Rbd1 Qc6 23. Nb5 e5 24. Nxa7 Qc7 25. Nb5 Bxb5 26.
Qxb5 Rxd2 27. Rxd2 Rd8 28. h3 Rxd2 29. Nxd2 Qf7 30. Nc4 Qe7 31. Na5 g6 32.
Qxb7 Qxb7 33. Nxb7 Kg7 34. b3 Kf6 35. f3 Ke6 36. e4 Kd7 37. Na5 Kc7 38. Nc4
Kb7 39. Nxe5 Bg7 40. Nc4 Kc6 41. a4 Bc3 42. Kf2 Kb7 43. Ke3 Bd4+ 44. Kf4 Kc6
45. e5 Kd5 46. a5 Kc6 47. e6 Bf6 48. g4 Be7 49. Ke4 Kb5 50. Kd5 Kb4 51. a6
Kxb3 52. a7 g5 53. a8=Q h5 54. Qb7+ Kc3 55. Qxe7 hxg4 56. hxg4 Kd3 57. Qxc5
Ke2 58. Qe3+ Kf1 59. Qd2 Kg1 60. Ne3 Kh1 61. Qg2# {Black checkmated} 1-0

[Event "ICC tourney 2666 (40 10)"]
[Site "Internet Chess Club"]
[Date "2021.09.11"]
[Round "5"]
[White "BAREKET, NIMROD:nb12"]
[Black "WAREKAR, AARNA:aarnawarekar"]
[Result "1-0"]
[ICCResult "Black checkmated"]
[WhiteElo "1250"]
[BlackElo "842"]
[Opening "Caro-Kann defense"]
[ECO "B12"]
[NIC "CK.01"]
[Time "20:16:21"]
[TimeControl "2400+10"]

1. e4 c6 2. d4 d6 3. Nf3 Qc7 4. Bf4 Nd7 5. Nc3 e5 6. dxe5 dxe5 7. Be3 Ngf6
8. Bc4 h6 9. O-O Be7 10. Qe2 O-O 11. Rad1 Re8 12. Rd2 Nf8 13. Rfd1 Be6 14.
a3 Bxc4 15. Qxc4 Ne6 16. Nh4 Rad8 17. Nf5 Rxd2 18. Rxd2 Nf4 19. Nxe7+ Rxe7
20. g3 Ng6 21. Bc5 Re8 22. Bd6 Qd7 23. Qb4 b6 24. f3 Rd8 25. Ne2 c5 26. Qc3
Qc8 27. Kg2 Ne8 28. f4 Nxd6 29. fxe5 Nb7 30. Rxd8+ Qxd8 31. Nf4 Nxf4+ 32.
gxf4 Qd4 33. Qxd4 cxd4 34. Kf3 Kf8 35. Ke2 Ke7 36. Kd3 Nd8 37. Kxd4 Ne6+ 38.
Ke3 f6 39. f5 Nf8 40. e6 g6 41. Kf4 h5 42. h4 gxf5 43. exf5 Nxe6+ 44. fxe6
Kxe6 45. c4 a6 46. b4 a5 47. Ke4 axb4 48. axb4 f5+ 49. Kf4 Kf6 50. c5 b5 51.
c6 Ke6 52. c7 Kd7 53. Kxf5 Kxc7 54. Kg5 Kd6 55. Kxh5 Kd5 56. Kg6 Kc4 57. h5
Kxb4 58. h6 Ka4 59. h7 b4 60. h8=Q b3 61. Qd4+ Ka3 62. Qa7+ Kb2 63. Kf5 Kc2
64. Qc5+ Kb2 65. Ke4 Kb1 66. Kd3 b2 67. Qb4 Ka1 68. Qa3+ Kb1 69. Kc3 Kc1 70.
Qxb2+ Kd1 71. Qd2# {Black checkmated} 1-0